 Dungeon Crawl Stone Soup version 0.22.1-1-ga44c0e5 (webtiles) character file.

256 Anon1729 the Twirler (level 6, -1/51 HPs)
             Began as a Ghoul Gladiator on Oct 25, 2018.
             Slain by an orc wizard
             ... wielding a +0 dagger
              (2 damage)
             ... on level 4 of the Dungeon.
             The game lasted 00:05:10 (4054 turns).

Anon1729 the Twirler (Ghoul Gladiator)              Turns: 4054, Time: 00:05:11

Health: -1/51      AC:  6    Str: 16 (18) XL:     6   Next: 16%
Magic:  14/14      EV: 18    Int:  8 (10) God:
Gold:   114        SH:  0    Dex: 12 (15) Spells: 5/5 levels left

rFire    . . .     SeeInvis .   a - +0 quarterstaff
rCold    + . .     Gourm    .   (shield currently unavailable)
rNeg     + + +     Faith    .   b - +0 leather armour
rPois    ∞         Spirit   .   c - +0 helmet
rElec    .         Reflect  .   (no cloak)
rCorr    .         Harm     .   i - +0 pair of gloves
MR       .....                  u - +0 pair of boots
Stlth    ++........             q - amulet of the acrobat (curse)
HPRegen  0.00/turn              j - ring of magical power
MPRegen  0.14/turn              l - ring of poison resistance

@: brilliant, agile, flying, rotting
A: rotting body, claws 1, carnivore, cold resistance 1, negative energy
resistance 3, inhibited regeneration, torment resistance, unbreathing
a: no special abilities


You were on level 4 of the Dungeon.
You were not hungry.

You visited 1 branch of the dungeon, and saw 4 of its levels.

You collected 114 gold pieces.

Inventory:

Hand Weapons
 a - a +0 quarterstaff (weapon)
Missiles
 d - 3 throwing nets (quivered)
Armour
 b - a +0 leather armour (worn)
 c - a +0 helmet (worn)
 i - a +0 pair of gloves (worn)
 u - a +0 pair of boots (worn)
Jewellery
 j - a ring of magical power (left hand)
 l - a ring of poison resistance (right hand)
 q - a cursed amulet of the acrobat (around neck)
Scrolls
 h - 3 scrolls of teleportation {unknown}
 k - a scroll of enchant weapon {unknown}
 p - 3 scrolls of identify {unknown}
 s - a scroll of noise {unknown}
 t - a scroll of enchant armour {unknown}
Potions
 g - 3 potions of degeneration
Comestibles
 f - 8 rations


   Skills:
 + Level 3.1 Fighting
 + Level 4.7 Staves
 + Level 2.1 Throwing
 + Level 1.7 Armour
 + Level 3.3 Dodging
 + Level 0.4 Stealth


You had 5 spell levels left.
You didn't know any spells.
Your spell library was empty.

Dungeon Overview and Level Annotations

Branches:
Dungeon (4/15)
 Temple: D:4-7

Altars:
Elyvilon
Fedhas
Uskayaw
The Shining One


Innate Abilities, Weirdness & Mutations

Your body is rotting away.
You thrive on raw meat.
You are immune to poison.
You have sharp fingernails.
You are carnivorous and can eat meat at any time.
Your flesh is cold resistant. (rC+)
You are immune to negative energy. (rN+++)
You do not regenerate when monsters are visible.
You are immune to unholy pain and torment.
You can survive without breathing.


Message History

You feel clever all of a sudden. Something hits you but does no damage.
It was a potion of lignification.
You feel woody for a moment. Something hits you but does no damage.
Okay, then.
It was a potion of agility.
You feel agile all of a sudden. Something hits you but does no damage.
You closely miss something. Something hits you but does no damage.
You hit something but do no damage.
You hear some strange, mumbled words.
A magic dart appears from out of thin air!
The magic dart hits you!
* * * LOW HITPOINT WARNING * * *
Okay, then.
You aren't carrying any items that you can evoke.
You barely miss something. Something hits you.
* * * LOW HITPOINT WARNING * * *
You completely miss something. Something hits you.
You die...

#####..........
................
.#.....%.......
...............
..............
.............. #.#
#......... # #.#
#...##.##
###..#@###.........
#......{..<..##.##.
###..........# #
##.######.## #. #.#
#. #.# # #.# .# ..


There were no monsters in sight!

Vanquished Creatures
  An ogre (D:3)
  An orc priest (D:3)
  4 adders
  A worm (D:2)
  4 dart slugs
  4 leopard geckos
  10 orcs (D:3)
  3 giant cockroaches
  5 hobgoblins
  4 jackals (D:3)
  13 bats
  12 frilled lizards
  12 goblins
  8 kobolds
  7 rats
89 creatures vanquished.

Notes
Turn   | Place    | Note
-------+----------+-------------------------------------------
     0 | D:1      | Anon1729 the Ghoul Gladiator began the quest for the Orb.
     0 | D:1      | Reached XP level 1. HP: 17/17 MP: 0/0
   336 | D:1      | Reached XP level 2. HP: 24/25 MP: 1/1
   453 | D:1      | Reached skill level 3 in Staves
   655 | D:1      | Reached XP level 3. HP: 24/30 MP: 2/2
  1192 | D:2      | Reached skill level 1 in Armour
  1422 | D:2      | Reached XP level 4. HP: 37/37 MP: 3/3
  1770 | D:2      | Found a glowing golden altar of the Shining One.
  2683 | D:3      | Found a hide-covered altar of Uskayaw.
  2753 | D:3      | Found a blossoming altar of Fedhas.
  2878 | D:3      | Found a white marble altar of Elyvilon.
  3180 | D:3      | Reached XP level 5. HP: 35/44 MP: 4/4
  3183 | D:3      | Reached skill level 4 in Staves
  3685 | D:4      | Noticed an ogre
  3718 | D:3      | Killed an ogre
  3718 | D:3      | Reached XP level 6. HP: 3/51 MP: 5/5
  4049 | D:4      | HP: 1/51 [something (2)]
  4054 | D:4      | Slain by an orc wizard

Skill      XL: |  1  2  3  4  5 |
---------------+----------------+-----
Staves         | 3 4 |  4.7
Throwing       | 2 |  2.1
Dodging        | 3 |  3.3
Armour         | 1 |  1.7
Fighting       | 3 |  3.1
Stealth        | |  0.4

Action                   |  1- 3 |  4- 6 || total
-------------------------+-------+-------++-------
Melee: Quarterstaff      |   127 |   184 ||   311
  Use: Potion            |       |     5 ||     5
 Stab: Sleeping          |       |     1 ||     1
  Eat: Chunk             |     4 |     9 ||    13
Armor: Leather armour    |    61 |    69 ||   130
Dodge: Dodged            |   127 |   126 ||   253
